 Dungeon Crawl Stone Soup version 0.17-a0-1582-ge6b0260 (webtiles) character file.

112 Ghalim the Skirmisher (level 4, -7/29 HPs)
             Began as a Gargoyle Fighter on July 28, 2015.
             Killed by divine providence
             ... invoked by an orc priest
              (9 damage)
             ... on level 3 of the Dungeon.
             The game lasted 00:05:05 (1378 turns).

Ghalim the Skirmisher (Gargoyle Fighter)            Turns: 1378, Time: 00:05:06

Health: -7/29      AC: 10    Str: 20    XL:     4   Next: 95%
Magic:  4/4        EV:  7    Int:  9    God:
Gold:   96         SH:  9    Dex:  9    Spells: 0 memorised, 3 levels left

rFire  . . .     SeeInvis .     a - +0 flail
rCold  . . .     Clarity  .     b - +0 scale mail
rNeg   + . .     SustAt   .     c - +0 shield
rPois  ∞         Gourm    .     (no helmet)
rElec  +         Spirit   .     (no cloak)
rCorr  .         Warding  .     (no gloves)
rMut   .         Stasis   .     (no boots)
MR     .....                    (no amulet)
Stlth  ..........               (no ring)
                                (no ring)

@: not resistant to hostile enchantments, extremely unstealthy
A: negative energy resistance 1, electricity resistance, unbreathing,
petrification resistance, rot immunity, AC +3
a: no special abilities


You were on level 3 of the Dungeon.
You were not hungry.

You visited 1 branch of the dungeon, and saw 3 of its levels.

You collected 96 gold pieces.

Inventory:

Hand weapons
 a - a +0 flail (weapon)
Armour
 b - a +0 scale mail (worn)
 c - a +0 shield (worn)
Scrolls
 j - a scroll of amnesia {unknown}
 l - a scroll of remove curse {unknown}
 m - 2 scrolls of identify {unknown}
 n - a scroll of enchant weapon {unknown}
Potions
 d - a potion of might
 f - a potion of flight {unknown}
 g - a potion of magic {unknown}
 h - a potion of ambrosia {unknown}
 k - a potion of curing {unknown}
 p - a potion of haste {unknown}
Comestibles
 e - 3 bread rations
 i - 2 meat rations
 o - a beef jerky


   Skills:
 + Level 4.2 Fighting
 * Level 4.2 Maces & Flails
 - Level 3.2 Armour
 - Level 3.2 Shields


You had 3 spell levels left.
You didn't know any spells.

Dungeon Overview and Level Annotations

Branches:
Dungeon (3/15)

Altars:
Kikubaaqudgha
Ru


Innate Abilities, Weirdness & Mutations

You are resistant to torment.
Your stone body is resilient (AC +3).
You are immune to poison.
You resist negative energy.
You are resistant to electric shocks.
You can survive without breathing.
You are immune to petrification.
You are immune to rotting.


Message History

Something smites you!
* * * LOW HITPOINT WARNING * * *
You hit the orc priest.
The orc priest is lightly wounded.
The orc priest hits you but does no damage.
You block the orc's attack.
The hobgoblin hits you but does no damage.
The orc priest hits you with a hand axe.
* * * LOW HITPOINT WARNING * * *
You sock the orc priest!
The orc priest is heavily wounded.
The orc hits you but does no damage. The hobgoblin barely misses you.
The orc priest hits you but does no damage.
You closely miss the orc priest.
The orc priest is heavily wounded.
You block the orc's attack.
The hobgoblin hits you but does no damage.
The orc priest calls down the wrath of Beogh upon you.
Something smites you!
You die...

....g.b ......!
....... g......
.......
......o#########
.....o.'o.oo...##
.......####go...#
....... #@o...#
....... #.....# #
#######
#.....#....
#.........#
#....##.###
#.....# # #.#...#
###.### ...


You could see 2 orc priests, 2 orcs and a hobgoblin.

Vanquished Creatures
  Natasha (thrice) (D:2)
  Robin (D:2)
  An adder (D:2)
  2 giant geckos (D:1)
  An orc (D:3)
  A giant cockroach (D:2)
  8 hobgoblins
  4 ball pythons (D:2)
  8 bats
  2 giant newts
  16 goblins
  3 kobolds
  6 rats
56 creatures vanquished.

Vanquished Creatures (others)
  3 fungi (D:2)
3 creatures vanquished.

Grand Total: 59 creatures vanquished

Notes
Turn   | Place    | Note
--------------------------------------------------------------
     0 | D:1      | Ghalim the Gargoyle Fighter began the quest for the Orb.
     0 | D:1      | Reached XP level 1. HP: 14/14 MP: 1/1
   159 | D:1      | Reached XP level 2. HP: 17/19 MP: 2/2
   495 | D:1      | Reached XP level 3. HP: 24/24 MP: 3/3
   733 | D:2      | Found an ancient bone altar of Kikubaaqudgha.
   755 | D:2      | Noticed Natasha
   760 | D:2      | Killed Natasha
   760 | D:2      | Reached skill level 4 in Fighting
   760 | D:2      | Reached XP level 4. HP: 29/29 MP: 4/4
   773 | D:2      | Noticed Robin
   994 | D:2      | Killed Robin
  1052 | D:2      | Noticed Natasha
  1056 | D:2      | Killed Natasha
  1214 | D:2      | Noticed Natasha
  1218 | D:2      | Killed Natasha
  1256 | D:2      | Found a sacrificial altar of Ru.
  1378 | D:3      | Killed from afar by an orc priest

Vault maps used:
D:1:      co_arrival_random_square_maze
D:2:      nicolae_ru_path_of_blood, nicolae_overflow_crystal_walls,
          nrook_loot_triangle, minmay_shallow_snake_nest, uniq_natasha,
          uniq_robin
D:3:      lemuel_castle_with_subvaults, lemuel_coloured_pillars_altar

Action                   |  1- 3 |  4- 6 || total
-------------------------+-------+-------++-------
Melee: Flail             |    93 |    82 ||   175
 Stab: Distracted        |       |     1 ||     1
  Eat: Chunk             |       |     2 ||     2
